 Adventure DCSS version bcrawl-1.21.2-20-g6d45ba5942 (webtiles) character file.

Game seed: 12693439966415285415

1211 galech the Chopper (level 8, 62/62 HPs)
             Began as a Demonspawn Fighter on Feb 21, 2020.
             Was a Priest of Okawaru.
             Quit the game on level 7 of the Dungeon.
             The game lasted 00:07:19 (6528 turns).

galech the Chopper (Demonspawn Fighter)             Turns: 6528, Time: 00:07:19

Health: 62/62      AC: 14    Str: 16    XL:     8   Next: 22%
Magic:  8/8        EV:  6    Int: 11    God:    Okawaru [***...]
Gold:   401        SH: 10    Dex: 17    Spells: 7/7 levels left
                                        Lives:  1   Deaths: 1

rFire    . . .     SeeInvis .   a - +0 war axe
rCold    . . .     Gourm    .   c - +0 medium shield
rNeg     . . .     Faith    .   B - +0 chain mail
rPois    .         Spirit   .   (helmet restricted)
rElec    .         Reflect  .   (no cloak)
rCorr    .         Harm     .   (no gloves)
MR       .....                  (no boots)
Stlth    ..........             (no amulet)
HPRegen  0.20/turn              g - +4 ring of protection
MPRegen  0.11/turn              l - +3 ring of slaying

@: no status effects
A: horns 1, thin skeletal structure 1, demonic guardian 1, rot immunity
a: Heroism, Renounce Religion


You were on level 7 of the Dungeon.
You worshipped Okawaru.
Okawaru was most pleased with you.
You were not hungry.

You visited 2 branches of the dungeon, and saw 8 of its levels.
You also visited: Sewer.

You collected 401 gold pieces.

Inventory:

Hand Weapons
 a - a +0 war axe (weapon)
Armour
 b - a +0 plate armour
 c - a +0 medium shield (worn)
 B - a +0 chain mail (worn)
Jewellery
 g - a +4 ring of protection (left hand)
 l - a +3 ring of slaying (right hand)
 o - a cursed -3 ring of strength {unknown}
 y - a cursed ring of attention {unknown}
 D - an uncursed ring of flight {unknown}
Wands
 m - a wand of polymorph (14)
 v - a wand of disintegration (15)
Scrolls
 f - a scroll of fog
 h - 3 scrolls of teleportation
 j - 3 scrolls of remove curse
 k - a scroll of noise {unknown}
 q - a scroll of blinking
 r - a scroll of immolation {unknown}
 s - 7 scrolls of amnesia {unknown}
 w - a scroll of fear {unknown}
 A - a scroll of magic mapping
Potions
 d - 3 potions of might
 i - 5 potions of heal wounds {unknown}
 n - 5 potions of brilliance
 p - 2 potions of berserk rage {unknown}
 t - a potion of lignification {unknown}
 u - 2 potions of flight {unknown}
 x - a potion of curing
 z - a potion of agility {unknown}
Comestibles
 e - 9 rations {!d}


   Skills:
 + Level 5.2 Fighting
 + Level 7.4 Axes
 + Level 5.5 Armour
 + Level 3.1 Dodging
 + Level 1.7 Stealth
 + Level 5.3 Shields


You had 7 spell levels left.
You didn't know any spells.
Your spell library was empty.

Dungeon Overview and Level Annotations

Branches:
Dungeon (7/12)             Temple (1/1) D:5
   Lair: D:7-9

Altars:
Ashenzari
Cheibriados
Dithmenos
Elyvilon
Fedhas
Hepliaklqana
Kikubaaqudgha
Makhleb
Nemelex Xobeh
Okawaru
Qazlal
Ru
Sif Muna
Trog
Uskayaw
Vehumet
Wu Jian
Xom
Yredelemnul
Zin
The Shining One


Innate Abilities, Weirdness & Mutations

You have a pair of small horns on your head.
You have a somewhat thin skeletal structure. (Dex +2, Stealth)
A weak demonic guardian rushes to your aid.
You are immune to rotting.


Message History

* * * LOW HITPOINT WARNING * * *
You block the bullfrog's attack.
Your quasit bites the troll but does no damage.
Your quasit closely misses the troll.
Your quasit claws the troll but does no damage.
You slash the troll!
You kill the troll!
Okawaru is honoured by your kill.
Okawaru will gift you ammunition as your piety grows.
You hit the bullfrog.
The bullfrog swells and bulges.
The bullfrog hits you.
You die...
The bullfrog completely misses you.
Xom reaches out...
You are now level 8!
You rejoin the land of the living...
Found a cloak, 22 gold pieces, a ration and 79 poisoned needles.
Found a stone staircase leading up.
Are you sure you want to abandon this character and quit the game? (Confirm with "yes".)

........##### .......
.........<... #.....#
.......5.....
#..(..#.......F†.#...
#.....#.........###..
###...... .......##
.# #...<...#....)...
## #...$...[..###..#
#.....@.# #..
#.......# ...
#........# #.#.
........%.#
.......##.. .......
##. ....... ..
....... ..


There were no monsters in sight!

Vanquished Creatures
  2 trolls
  A water moccasin (D:6)
  2 orc warriors (D:6)
  An ice beast (D:6)
  A centaur (D:4)
  A bullfrog (D:6)
  5 big kobolds (Sewer)
  A wyvern zombie (D:6)
  6 killer bees (D:6)
  A hound (D:4)
  5 orc wizards
  2 orc priests (D:6)
  A bullfrog skeleton (D:6)
  2 worker ants (D:4)
  A worker ant zombie (D:6)
  6 adders
  An ooze (Sewer)
  An adder skeleton (D:4)
  A worm (D:2)
  2 dart slugs
  13 leopard geckos
  19 orcs
  5 ball pythons (Sewer)
  11 bats
  3 giant cockroaches
  6 goblins
  11 hobgoblins
  5 jackals
  3 quokkas
  3 frilled lizards
  16 kobolds
  14 rats
152 creatures vanquished.

Vanquished Creatures (collateral kills)
  A sky beast (D:5)
  A black bear (D:5)
  A bullfrog (D:3)
  A big kobold (Sewer)
  A leopard gecko (D:6)
  2 orcs (D:6)
  2 kobolds (Sewer)
9 creatures vanquished.

Grand Total: 161 creatures vanquished

Notes
Turn   | Place    | Note
-------+----------+-------------------------------------------
     0 | D:1      | galech the Demonspawn Fighter began the quest for the Orb.
     0 | D:1      | Reached XP level 1. HP: 18/18 MP: 1/1
   253 | D:1      | Gained mutation: A weak demonic guardian rushes to your
                  | aid. [demonic ancestry]
   253 | D:1      | Reached XP level 2. HP: 23/24 MP: 2/2
   319 | D:1      | Reached skill level 2 in Axes
   613 | D:1      | Gained mutation: You have a somewhat thin skeletal
                  | structure. (Dex +2, Stealth) [demonic ancestry]
   613 | D:1      | Reached XP level 3. HP: 29/29 MP: 3/3
  1348 | D:2      | Reached XP level 4. HP: 35/35 MP: 4/4
  1639 | D:3      | Reached skill level 3 in Axes
  1813 | D:3      | Noticed a bullfrog
  1825 | D:3      | Killed a bullfrog
  1825 | D:3      | Gained mutation: You have a pair of small horns on your
                  | head. [demonic ancestry]
  1825 | D:3      | Reached XP level 5. HP: 3/41 MP: 5/5
  2421 | D:3      | Found a glowing silver altar of Zin.
  2821 | D:4      | Noticed a centaur
  2825 | D:4      | Killed a centaur
  2832 | D:4      | Reached XP level 6. HP: 46/48 MP: 6/6
  2961 | D:4      | Reached skill level 4 in Axes
  3090 | D:4      | Reached skill level 1 in Dodging
  3483 | D:3      | Found an ornate altar of the Wu Jian Council.
  3483 | D:3      | Found a hide-covered altar of Uskayaw.
  3487 | D:3      | Found a shimmering altar of Xom.
  3545 | D:5      | Entered Level 5 of the Dungeon
  3777 | D:5      | Found a staircase to the Ecumenical Temple.
  3797 | Temple   | Entered the Ecumenical Temple
  3925 | Temple   | Became a worshipper of Warmaster Okawaru
  4146 | D:6      | Found a glowing drain.
  4150 | Sewer    | Entered a sewer
  4182 | Sewer    | Reached skill level 1 in Stealth
  4182 | Sewer    | Gained mutation: You are immune to rotting. [demonic
                  | ancestry]
  4182 | Sewer    | Reached XP level 7. HP: 51/54 MP: 7/7
  4265 | Sewer    | Reached skill level 5 in Axes
  4468 | Sewer    | Reached * piety under Okawaru
  4527 | D:6      | Noticed a troll
  4538 | D:6      | Killed a troll
  4538 | D:6      | Reached XP level 8. HP: 9/61 MP: 8/8
  5143 | D:6      | Reached ** piety under Okawaru
  5143 | D:6      | Reached skill level 6 in Axes
  5371 | D:6      | Reached skill level 5 in Armour
  5388 | D:6      | Found a snail-covered altar of Cheibriados.
  5423 | D:6      | Reached skill level 5 in Fighting
  5423 | D:6      | Reached skill level 5 in Shields
  5603 | D:6      | Reached XP level 9. HP: 58/68 MP: 9/9
  6144 | D:5      | Found a blossoming altar of Fedhas.
  6338 | D:5      | Found a shattered altar of Ashenzari.
  6357 | D:5      | Reached skill level 7 in Axes
  6516 | D:7      | Noticed a troll
  6527 | D:7      | Killed a troll
  6527 | D:7      | Reached *** piety under Okawaru
  6527 | D:7      | Slain by a bullfrog
  6528 | D:7      | Reached XP level 8. HP: -2/62 MP: 8/8
  6528 | D:7      | Quit the game

Skill      XL: |  1  2  3  4  5  6  7  8  9 |
---------------+----------------------------+-----
Shields        | 3 4 5 |  5.3
Axes           | 2 3 4 5 6 7 |  7.4
Armour         | 3 4 5 |  5.5
Dodging        | 1 2 3 |  3.1
Fighting       | 4 5 |  5.2
Stealth        | 1 |  1.7

Action                   |  1- 3 |  4- 6 |  7- 9 || total
-------------------------+-------+-------+-------++-------
Melee: War axe           |   130 |   152 |   193 ||   475
       Headbutt          |       |    15 |    38 ||    53
  Use: Scroll            |       |     7 |       ||     7
       Potion            |       |       |     5 ||     5
 Stab: Distracted        |       |     1 |     1 ||     2
  Eat: Chunk             |     2 |     9 |     7 ||    18
Armor: Scale mail        |    86 |    69 |    75 ||   230
       Chain mail        |       |       |    37 ||    37
Dodge: Dodged            |    41 |    50 |    75 ||   166
Block: Medium shield     |    96 |    73 |   127 ||   296
